 Dungeon Crawl Stone Soup version 0.31.0-11-ge490571c62 (webtiles) character file.

Game seed: 8092120521888306978

176 qw the Ducker (level 5, -12/27 HPs)
             Began as a Spriggan Hunter on Feb 4, 2024.
             Was an Initiate of Okawaru.
             Killed by nerve-wracking pain
             ... invoked by an orc priest
              (13 damage)
             ... on level 4 of the Dungeon.
             The game lasted 00:00:06 (1791 turns).

qw the Ducker (Spriggan Hunter)                     Turns: 1791, Time: 00:00:07

Health: -12/27     AC:  2    Str:  7    XL:     5   Next: 30%
Magic:  6/6        EV: 23    Int: 10    God:    Okawaru [......]
Gold:   231        SH:  0    Dex: 27    Spells: 4/4 levels left

rFire   . . .        a - +2 shortbow
rCold   . . .        (shield currently unavailable)
rNeg    . . .        c - +0 robe
rPois   +            (helmet restricted)
rElec   .            (no cloak)
rCorr   .            (gloves unavailable)
SInv    +            (boots unavailable)
Will    .....        (no amulet)
Stlth   +++          e - ring of poison resistance
HPRegen 0.24/turn    g - +6 ring of dexterity
MPRegen 0.10/turn

%: no passive effects
@: about to teleport, very quick
A: very small, no large weapons, unfitting armour, see invisible, speed 3,
hooves 1, robust 1
a: Renounce Religion


You were on level 4 of the Dungeon.
You worshipped Okawaru.
Okawaru was noncommittal.
You visited 1 branch of the dungeon, and saw 4 of its levels.

You collected 231 gold pieces.


Innate Abilities, Weirdness & Mutations

You are very small and have problems with some larger weapons.
You are too small for most types of armour.
You have supernaturally acute eyesight. (SInv)
You cover ground extremely quickly. (Speed+++)
You have large cloven feet.
You are robust. (+10% HP)


   Skills:
 + Level 1.5 Fighting
 - Level 5.0 Ranged Weapons
 - Level 6.2 Dodging
 - Level 1.5 Stealth


You had 4 spell levels left.
You didn't know any spells.
Your spell library was empty.

Inventory:

Hand Weapons
 a - a +2 shortbow (weapon)
Armour
 c - a +0 robe (worn)
Jewellery
 e - a ring of poison resistance (left hand)
 g - a +6 ring of dexterity (right hand)
Scrolls
 d - a scroll of teleportation
Potions
 b - a potion of might
 f - a potion of haste
 h - a potion of resistance {unknown}
 i - a potion of mutation
 j - a potion of ambrosia {unknown}
 l - a potion of curing {unknown}
 m - a potion of attraction {unknown}

Dungeon Overview and Level Annotations

Branches:
Dungeon (4/15)
 Temple: D:4-7

Altars:
Elyvilon
Okawaru
Trog
Xom
The Shining One


Message History

The orc priest is severely wounded.
The orc priest hits you with a +0 war axe!
The orc priest calls upon Beogh to heal the orc priest.
The orc priest is healed somewhat.
The orc hits you with a +0 whip.
1777 ||| READING 3 scrolls of teleportation.
As you read the scroll of teleportation, it crumbles to dust.
You feel strangely unstable. The orc priest closely misses you.
The orc hits you with a +0 whip.
1778 ||| DRINKING potion of heal wounds.
You feel much better.
The orc priest calls upon Beogh to heal the orc priest.
The orc priest is healed somewhat.
The orc hits you but does no damage.
You shoot an arrow.
The arrow closely misses the orc priest.
Your surroundings suddenly seem different.
Found a pair of boots.
Found a stone staircase leading down.
The orc priest mumbles some strange prayers to Beogh against you.
You resist with significant effort.
You hear a shout!
You shoot an arrow.
The arrow closely misses the orc priest.
The orc priest mumbles some strange prayers to Beogh against you.
You resist with significant effort.
You shoot an arrow.
The arrow closely misses the orc priest.
The orc priest calls down the wrath of Beogh upon you.
Beogh smites you!
Ouch! That really hurt!
You shoot an arrow. The orc shouts!
The arrow hits the orc priest!
The orc priest is severely wounded.
The orc priest mumbles some strange prayers to Beogh against you.
Beogh smites you!
1791 ||| READING 2 scrolls of teleportation.
As you read the scroll of teleportation, it crumbles to dust.
You feel strangely unstable.
The orc priest mumbles some strange prayers to Beogh against you.
Pain shoots through your body!
You die...

##.......#.###....###
##.....####oo# ......
#...#.## ##o## #..##[.
#..#..# ...#......#
##.##.##### ##.........
#....)....# ##o.......
###############.o.....#
#............#
#..@###......# #..##
#......# #... #......#
..... #......# ......#
#.>....# #..#.#
#......# ##### ########


You could see an orc priest and an orc.

Vanquished Creatures
  A bombardier beetle (D:3)
  An orc wizard (D:4)
  6 adders
  2 dart slugs
  3 bats
  8 endoplasms
  A giant cockroach (D:1)
  4 goblins
  8 hobgoblins
  6 jackals
  2 quokkas (D:3)
  6 ball pythons
  2 frilled lizards
  7 kobolds
  2 rats
59 creatures vanquished.

Notes
Turn   | Place    | Note
-------+----------+-------------------------------------------
     0 | D:1      | qw the Spriggan Hunter began the quest for the Orb.
     0 | D:1      | Reached XP level 1. HP: 10/10 MP: 2/2
     0 | D:1      | 0 ||| qw: Version: 0.3-a-160-g6735b56
     0 | D:1      | 0 ||| qw: Game counter: 4630
     0 | D:1      | 0 ||| qw: Melee chars always use a shield: true
     0 | D:1      | 0 ||| qw: God list: Okawaru
     0 | D:1      | 0 ||| qw: Allow faded altars: false
     0 | D:1      | 0 ||| qw: Do Orc after clearing Dungeon:15 true
     0 | D:1      | 0 ||| qw: Do second Lair branch before Depths: true
     0 | D:1      | 0 ||| qw: Lair rune preference: random
     0 | D:1      | 0 ||| qw: Goals: Normal
     0 | D:1      | 0 ||| PLANNING D:1-11
    63 | D:1      | Reached skill level 3 in Dodging
   230 | D:1      | Reached XP level 2. HP: 14/14 MP: 3/3
   321 | D:1      | Reached skill level 4 in Dodging
   485 | D:1      | Found a faded altar of an unknown god.
   581 | D:1      | 581 ||| UPGRADING to ring of poison resistance.
   582 | D:1      | 582 ||| READING scroll labelled VIURHI ELUFOG.
   582 | D:1      | 582 ||| ENCHANTING +0 shortbow.
   583 | D:1      | 583 ||| READING scroll labelled GUT MUSUGA.
   584 | D:1      | 584 ||| DROPPING scroll of butterflies.
   722 | D:2      | Reached XP level 3. HP: 18/18 MP: 4/4
   993 | D:2      | 993 ||| UPGRADING to +6 ring of dexterity.
   994 | D:2      | 994 ||| READING 2 scrolls labelled DUX TIL NEADILL.
   997 | D:2      | 997 ||| READING scroll labelled XUCIOBARRA.
   997 | D:2      | 997 ||| IDENTIFYING fuming emerald potion
   998 | D:2      | 998 ||| DRINKING 2 fizzy blue potions.
  1077 | D:3      | Reached XP level 4. HP: 22/22 MP: 5/5
  1109 | D:3      | Reached skill level 5 in Dodging
  1266 | D:3      | Found an iron altar of Okawaru.
  1267 | D:3      | 1267 ||| PLANNING OKAWARU WORSHIP
  1267 | D:3      | 1267 ||| DRINKING 2 yellow potions.
  1269 | D:3      | Found a white marble altar of Elyvilon.
  1271 | D:3      | Found a glowing golden altar of the Shining One.
  1275 | D:3      | Became a worshipper of Warmaster Okawaru
  1276 | D:3      | 1276 ||| PLANNING D:1-11
  1282 | D:3      | 1282 ||| READING scroll of enchant weapon.
  1282 | D:3      | 1282 ||| ENCHANTING +1 shortbow.
  1569 | D:3      | 1569 ||| DRINKING 2 lumpy orange potions.
  1569 | D:3      | Gained mutation: You have large cloven feet. [potion of
                  | mutation]
  1569 | D:3      | Gained mutation: You are robust. (+10% HP) [potion of
                  | mutation]
  1644 | D:4      | Reached XP level 5. HP: 27/27 MP: 6/6
  1651 | D:4      | Noticed an ogre
  1666 | D:4      | Found a bloodstained altar of Trog.
  1667 | D:4      | Found a shimmering altar of Xom.
  1771 | D:4      | Reached skill level 6 in Dodging
  1776 | D:4      | HP: 6/27 [orc/+0 whip (3)]
  1777 | D:4      | 1777 ||| READING 3 scrolls of teleportation.
  1778 | D:4      | 1778 ||| DRINKING potion of heal wounds.
  1790 | D:4      | HP: 1/27 [orc priest/divine providence (12)]
  1791 | D:4      | 1791 ||| READING 2 scrolls of teleportation.
  1791 | D:4      | Killed from afar by an orc priest

Levels and vault maps discovered:
D:1:      dpeg_arrival_refuge, layout_basic, chequers_ecumenical_altar_lobes,
          minmay_bisected
D:2:      layout_rooms
D:3:      layout_rooms, minitemple, minmay_between
D:4:      layout_rooms, nicolae_overflow_squiral, uniq_crazy_yiuf_cottage

Skill      XL: |  1  2  3  4  5 |
---------------+----------------+-----
Dodging        | 3 4 5 6 |  6.2
Ranged Weapons | 5 |  5.0
Fighting       | |  1.5
Stealth        | |  1.5

Action                     |  1- 3 |  4- 6 || total
---------------------------+-------+-------++-------
   Fire: Shortbow          |    82 |    63 ||   145
    Use: Scroll            |     4 |     3 ||     7
         Potion            |     1 |     3 ||     4
 Armour: Robe              |     7 |     7 ||    14
  Dodge: Dodged            |    26 |     3 ||    29

Table legend:
 A = Non-vault XP
 B = Vault XP
 C = Vault XP percentage of total XP
 D = Non-vault monster count
 E = Vault monster count
 F = Vault count percentage of total count
                 A         B        C        D         E       F
            +---------+---------+-------+---------+---------+-------
      Total |     244 |       8 |   3.2 |      54 |       5 |   8.5
            +---------+---------+-------+---------+---------+-------
        D:1 |      21 |       2 |   8.7 |      13 |       1 |   7.1
        D:2 |      39 |       0 |   0.0 |      15 |       0 |   0.0
        D:3 |     125 |       6 |   4.6 |      19 |       4 |  17.4
        D:4 |      59 |       0 |   0.0 |       7 |       0 |   0.0
            +---------+---------+-------+---------+---------+-------
